 Dungeon Crawl Stone Soup version 0.22-a0-422-g9628fc8 (webtiles) character file.

11 Amnesiac the Changer (level 2, -2/14 HPs)
             Began as a Spriggan Transmuter on May 18, 2018.
             Slain by a hobgoblin
             ... wielding a +0 club
              (5 damage)
             ... on level 1 of the Dungeon.
             The game lasted 00:01:57 (889 turns).

Amnesiac the Changer (Spriggan Transmuter)           Turns: 889, Time: 00:01:58

Health: -2/14      AC:  2    Str:  6    XL:     2   Next: 13%
Magic:  3/7        EV: 18    Int: 14    God:
Gold:   26         SH:  0    Dex: 16    Spells: 4/7 levels left

rFire    . . .     SeeInvis +     - Unarmed
rCold    . . .     Gourm    .   (shield restricted)
rNeg     . . .     Faith    .   b - +0 robe
rPois    .         Spirit   .   (helmet restricted)
rElec    .         Reflect  .   (no cloak)
rCorr    .         Harm     .   (gloves unavailable)
MR       .....                  (boots unavailable)
Stlth    +.........             (no amulet)
HPRegen  0.04/turn              (no ring)
MPRegen  0.10/turn              (no ring)

@: appendage, very quick
A: very small, unfitting armour, horns 2, see invisible, herbivore, speed 3,
slow metabolism 2
a: End Transformation


You were on level 1 of the Dungeon.
You were not hungry.
You had grown temporary horns.
You visited 1 branch of the dungeon, and saw 1 of its levels.

You collected 26 gold pieces.

Inventory:

Missiles
 a - 11 arrows
Armour
 b - a +0 robe (worn)
Jewellery
 f - a cursed ring of teleportation {unknown}
Potions
 c - 2 potions of resistance {!q, unknown}
 e - a potion of curing {!q, unknown}
Comestibles
 d - a ration


   Skills:
 - Level 1.0 Fighting
 - Level 3.0 Dodging
 + Level 2.5 Unarmed Combat
 + Level 3.0 Spellcasting
 + Level 3.1 Transmutations


You had 4 spell levels left.
You knew the following spells:

 Your Spells              Type           Power        Failure   Level  Hunger
a - Beastly Appendage     Tmut           ##....       6%          1    #......
b - Sticks to Snakes      Tmut           ##......     9%          2    ##.....

Your spell library contained the following spells:

 Spells                   Type           Power        Failure   Level  Hunger
 Spider Form              Tmut/Pois      #.........   34%         3    ###....
 Blade Hands              Tmut           ##........   86%         5    ######.
 Ice Form                 Ice/Tmut       #.......     75%         4    #####..


Dungeon Overview and Level Annotations

Branches:
Dungeon (1/15)

Altars:


Innate Abilities, Weirdness & Mutations

You are very small and have problems with some larger weapons.
You are too small for most types of armour.
You have supernaturally acute eyesight. (SInv)
You are a herbivore.
You cover ground extremely quickly.
You need to consume almost no food.
You have a pair of horns on your head.


Message History

You open the door.
There is an open door here.
You open the door.
There is an open door here.
f - a ruby ring A kobold comes into view.
It is wielding a whip.
The kobold shouts!
A bat comes into view.
There are monsters nearby!
There are monsters nearby!
A hobgoblin comes into view. It is wielding a club.
The kobold throws a stone.
The stone barely misses you.
You see here a stone.
Found a stone staircase leading down.
The hobgoblin shouts!
You hit the kobold but do no damage. The kobold closely misses you.
You barely miss the bat. The bat misses you. The kobold barely misses you.
You barely miss the hobgoblin. The bat misses you.
The kobold hits you with a whip. The hobgoblin hits you with a club.
The bat completely misses you. The bat misses you. The bat hits you.
Casting: Beastly Appendage (safe; 6% risk of failure)
Confirm with . or Enter, or press ? or * to list all spells.
Your feet morph into talons.
The bat barely misses you.
You hit the bat but do no damage.
Your transformation is almost over.
The bat closely misses you. x2
A frilled lizard comes into view.
You barely miss the bat. The bat closely misses you.
You hit the bat.
You kill the bat!
Your Spellcasting skill increases to level 3!
The kobold throws a stone.
The stone hits you but does no damage.
You see here a bat corpse.
You completely miss the kobold. The kobold hits you with a whip.
* * * LOW HITPOINT WARNING * * *
You see here a stone.
You closely miss the kobold.
You kill the kobold!
You are too injured to fight recklessly!
Casting: Beastly Appendage (safe; 6% risk of failure)
Confirm with . or Enter, or press ? or * to list all spells.
You create a snake!
You now have 11 arrows.
Your ball python grabs the hobgoblin.
Your ball python constricts the hobgoblin.
Your talons disappear.
The hobgoblin struggles to escape constriction.
Your ball python constricts the hobgoblin.
The frilled lizard barely misses your ball python.
The hobgoblin struggles to escape constriction.
Your ball python constricts the hobgoblin.
The frilled lizard misses your ball python.
Your ball python constricts the hobgoblin.
The hobgoblin hits your ball python with a club.
Your ball python dies!
The hobgoblin shouts!
Casting: Sticks to Snakes (safe; 9% risk of failure)
Confirm with . or Enter, or press ? or * to list all spells.
You grow a pair of large bovine horns.
You hit the hobgoblin.
The hobgoblin is almost dead.
The hobgoblin hits you with a club.
You die...

.# #..........###
#.## .#
#........#.#.. ...#
. ##
##.......#.#.####..#
..
#.........#.##....#
...
#.#######.#.##....#
.... #..
#...##....#..... #..
##....(......... #..
#####.#####......>.
#.
+...@gl.().........
######.####.##.8...
#..# #.# ....
#....... ...
#...##.## ##
#.#..... #.#.....
≈≈≈≈≈## #.##.#.#
≈≈≈≈≈≈#.#


You could see a hobgoblin and a frilled lizard.

Vanquished Creatures
  A ball python (D:1)
  A goblin (D:1)
  3 hobgoblins (D:1)
  2 bats (D:1)
  2 kobolds (D:1)
9 creatures vanquished.

Notes
Turn   | Place    | Note
-------+----------+-------------------------------------------
     0 | D:1      | Amnesiac the Spriggan Transmuter began the quest for the Orb.
     0 | D:1      | Reached XP level 1. HP: 9/9 MP: 5/5
   332 | D:1      | Reached skill level 1 in Fighting
   699 | D:1      | Reached XP level 2. HP: 11/14 MP: 6/6
   754 | D:1      | Learned a level 2 spell: Sticks to Snakes
   889 | D:1      | Slain by a hobgoblin

Vault maps used:
D:1:      nzn_arrival_water_spiral, st_stairs_1

Skill      XL: |  1  2 |
---------------+-------+-----
Fighting       | 1 |  1.0
Transmutations | 3 |  3.1
Spellcasting   | 3 |  3.0
Dodging        | |  3.0
Unarmed Combat | |  2.5

Action                   || total
-------------------------++-------
Melee: Unarmed           ||    48
       Headbutt          ||     1
       Kick              ||     1
 Cast: Beastly Appendage ||     4
       Sticks to Snakes  ||     1
 Stab: Sleeping          ||     1
Armor: Robe              ||     2
Dodge: Dodged            ||    41

Table legend:
 A = Spawn XP
 B = Non-spawn XP
 C = Spawn XP percentage of total XP
 D = Spawn monster count
 E = Non-spawn monster count
 F = Spawn count percentage of total count
 G = Total turns spent on level
                    A         B        C        D         E        F      G
               +---------+---------+-------+---------+---------+-------+---------
         Total |       0 |      16 |   0.0 |       0 |       9 |   0.0 |   889
               +---------+---------+-------+---------+---------+-------+---------
           D:1 |       0 |      16 |   0.0 |       0 |       9 |   0.0 |   889
               +---------+---------+-------+---------+---------+-------+---------
